 Dungeon Crawl Stone Soup version 0.28.0-45-g0d030f2227 (webtiles) character file.

Game seed: 14328938531536620702

51 Atherized the Chopper (level 3, -6/33 HPs)
             Began as a Minotaur Berserker on Apr 18, 2022.
             Was a Believer of Trog.
             Mangled by a gnoll
             ... wielding a +0 halberd
              (12 damage)
             ... on level 2 of the Dungeon.
             The game lasted 00:02:47 (1527 turns).

Atherized the Chopper (Minotaur Berserker)          Turns: 1527, Time: 00:02:51

Health: -6/33      AC:  0    Str: 23    XL:     3   Next: 57%
Magic:  2/2        EV: 12    Int:  4    God:    Trog [**....]
Gold:   34         SH:  0    Dex:  9    Spells: 2/2 levels left

rFire   . . .      SeeInvis .   a - +0 hand axe
rCold   . . .      Faith    .   (no shield)
rNeg    . . .      Spirit   .   (no armour)
rPois   .          Reflect  .   (helmet restricted)
rElec   .          Harm     .   (no cloak)
rCorr   .          Rampage  .   (no gloves)
Will    .....                   (no boots)
Stlth   +.........              (no amulet)
HPRegen 0.11/turn               (no ring)
MPRegen 0.08/turn               (no ring)

@: lethally poisoned (-6 -> -18), on berserk cooldown, slowed, very slow
A: horns 2, retaliatory headbutt
a: Renounce Religion, Berserk, Trog's Hand


You were on level 2 of the Dungeon.
You worshipped Trog.
Trog was pleased with you.
You visited 1 branch of the dungeon, and saw 2 of its levels.

You collected 34 gold pieces.

Inventory:

Hand Weapons
 a - a +0 hand axe (weapon)
Armour
 b - a +0 animal skin
 i - a +0 ring mail
Scrolls
 c - a scroll of amnesia {unknown}
 e - a scroll of magic mapping {unknown}
 f - 3 scrolls of identify {unknown}
 j - a scroll of torment {unknown}
Potions
 d - 2 potions of magic {unknown}
 g - a potion of degeneration {unknown}
 h - a potion of mutation {unknown}


   Skills:
 + Level 4.1 Fighting
 + Level 4.6 Axes
 + Level 2.6 Armour
 + Level 2.9 Dodging


You had 2 spell levels left.
You didn't know any spells.
Your spell library was empty.

Dungeon Overview and Level Annotations

Branches:
Dungeon (2/15)

Altars:

Shops:
D:1 (


Innate Abilities, Weirdness & Mutations

You have a pair of horns on your head.
You reflexively headbutt those who attack you in melee.


Message History

A scorpion comes into view.
A giant cockroach comes into view. 2 gnolls come into view.
The gnoll shouts!
A red film seems to cover your vision as you go berserk!
You feel yourself moving faster!
You feel mighty!
A gnoll comes into view. It is wielding a +0 spear.
You slash the scorpion!
The scorpion is severely wounded.
The scorpion stings you!
The gnoll throws a throwing net.
The throwing net hits you.
You become entangled in the net!
You tear a large gash into the net.
The scorpion stings you!
You struggle against the net.
You feel a strong urge to attack something.
The giant cockroach barely misses you. The scorpion stings you!
You are poisoned.
The scorpion poisons you!
A gnoll comes into view. It is wielding a +0 whip.
You struggle against the net.
You feel sick. The giant cockroach bites you. The scorpion stings you.
You are more poisoned.
The scorpion poisons you!
You shred the net and break free!
You feel your anger nearly subside.
You are no longer berserk.
You are exhausted.
You feel yourself slow down.
You feel very sick.
You hit the scorpion but do no damage.
The scorpion is severely wounded.
You completely miss the gnoll.
You hit the giant cockroach but do no damage.
* * * LOW HITPOINT WARNING * * *
You feel very sick. The giant cockroach barely misses you.
The scorpion closely misses you. You furiously retaliate!
You headbutt the scorpion!
You kill the scorpion!
Trog accepts your kill. The gnoll barely misses you.
The gnoll hits you from afar with a +0 halberd!
You die...

.###.#..##
........<#
.####.#..#
.......###.#
........#..#
#.#####...#
##...#.#...#
#..........#
........†@#######
........Bg.......
.........g#######
#...<...#g#
##...#$##.#
##.##. #.# ..? ..
.g. .## ##. #.#
#. #.#


You could see 4 gnolls and a giant cockroach.

Vanquished Creatures
  A scorpion (D:2)
  An adder (D:2)
  2 dart slugs
  4 bats
  3 endoplasms
  A giant cockroach (D:1)
  3 hobgoblins (D:1)
  5 jackals (D:1)
  3 quokkas
  3 ball pythons
  2 frilled lizards (D:1)
  5 kobolds (D:1)
  A rat (D:1)
34 creatures vanquished.

Vanquished Creatures (others)
  2 fungi (D:1)
  3 plants (D:1)
5 creatures vanquished.

Grand Total: 39 creatures vanquished

Notes
Turn   | Place    | Note
-------+----------+-------------------------------------------
     0 | D:1      | Atherized the Minotaur Berserker began the quest for the
                  | Orb.
     0 | D:1      | Reached XP level 1. HP: 19/19 MP: 0/0
   272 | D:1      | Reached XP level 2. HP: 15/27 MP: 1/1
   795 | D:1      | Found Ihin's Antique Weapon Emporium.
   822 | D:1      | Reached XP level 3. HP: 12/33 MP: 2/2
  1218 | D:1      | Found a faded altar of an unknown god.
  1347 | D:2      | Reached ** piety under Trog
  1515 | D:2      | Noticed a scorpion
  1527 | D:2      | Killed a scorpion
  1527 | D:2      | Mangled by a gnoll

Illustrated notes

Levels and vault maps discovered:
D:1:      noname_arrival_rooms_in_the_neighbourhood, layout_basic, serial_shops,
          shop_statue, shapermc_ecumenical_altar_acropolis
D:2:      layout_loops_ring

Skill      XL: |  1  2 |
---------------+-------+-----
Fighting       | 4 |  4.1
Axes           | 4 |  4.6
Armour         | |  2.6
Dodging        | |  2.9

Action                   || total
-------------------------++-------
Melee: Hand axe          ||    65
       Headbutt          ||     9
Invok: Berserk           ||     1
Armor: Animal skin       ||    23
Dodge: Dodged            ||    82
